 Dungeon Crawl Stone Soup version 0.27-a0-1084-g78b3836a5f (webtiles) character file.

Game seed: 9304124493257948521

86 karrick the Magician (level 4, -3/31 HPs)
             Began as a Djinni Fire Elementalist on Apr 27, 2021.
             Slain by Ijyb
             ... wielding a +8 club
              (11 damage)
             ... on level 3 of the Dungeon.
             The game lasted 00:03:51 (2477 turns).

karrick the Magician (Djinni Fire Elementalist)     Turns: 2477, Time: 00:03:52

Health: -3/31      AC:  2    Str:  8    XL:     4   Next: 49%
Gold:   81         EV: 12    Int: 17    God:
                   SH:  0    Dex: 13

rFire    + + .     SeeInvis .   d - +1 dagger (venom)
rCold    x . .     Faith    .   (no shield)
rNeg     . . .     Spirit   .   a - +0 robe
rPois    ∞         Reflect  .   (no helmet)
rElec    .         Harm     .   (no cloak)
rCorr    .         Rampage  .   (no gloves)
Will     .....                  (boots unavailable)
Stlth    ++........             (no amulet)
HPRegen  0.10/turn              (no ring)
MPRegen  0.00/turn              (no ring)

@: flying
A: fire resistance 2, cold vulnerability 1, float, innate caster, hp casting,
extra vitality 1
a: no special abilities


You were on level 3 of the Dungeon.
You visited 1 branch of the dungeon, and saw 3 of its levels.

You collected 81 gold pieces.

Inventory:

Hand Weapons
 d - a +1 dagger of venom (weapon)
Armour
 a - a +0 robe (worn)
Scrolls
 b - 3 scrolls of identify {unknown}
 c - a scroll of immolation {unknown}
 f - a scroll of enchant armour {unknown}
Potions
 e - a potion of curing {unknown}


   Skills:
 + Level 2.7 Dodging
 + Level 1.9 Stealth
 + Level 4.1 Spellcasting


You couldn't memorise any spells.
You knew the following spells:

 Your Spells              Type           Power      Damage    Failure   Level
a - Foxfire               Conj/Fire      68%        2x1d7     3%          1
b - Conjure Flame         Conj/Fire      17%        6-21      9%          3
c - Inner Flame           Hex/Fire       17%        N/A       9%          3
d - Sticky Flame          Conj/Fire      17%        2d4       28%         4
e - Fireball              Conj/Fire      8%         3d6       63%         5
f - Beastly Appendage     Tmut           34%        N/A       3%          1
Your spell library was empty.

Dungeon Overview and Level Annotations

Branches:
Dungeon (3/15)

Altars:

Annotations:
D:3 Ijyb


Innate Abilities, Weirdness & Mutations

You are immune to poison.
Your flesh is very heat resistant. (rF++)
You are vulnerable to cold. (rC-)
You float through the air rather than walking.
You learn spells naturally, not from books.
Your magical power is your life essence.
You have superior vitality. (+4 HP)


Message History

You reach down and open the door.
Ijyb the Twisted Goblin comes into view.
She is wielding a +8 club and carrying a wand of acid (7).
Ijyb shouts!
Found a scale mail and 8 stones.
Ijyb is nearby!
There is an open door here.
Casting: Foxfire (safe; 3% risk of failure)
Confirm with . or Enter, or press ? or * to list all spells.
You conjure some foxfire!
Ijyb zaps a wand.
The bolt of acid hits your foxfire!
Your foxfire is splashed with acid.
The acid corrodes your foxfire! The bolt of acid hits you.
You are splashed with acid!
The foxfire hits Ijyb but does no damage.
Casting: Foxfire (safe; 3% risk of failure)
Confirm with . or Enter, or press ? or * to list all spells.
You conjure some foxfire!
Casting: Foxfire (safe; 3% risk of failure)
Confirm with . or Enter, or press ? or * to list all spells.
You conjure some foxfire!
The foxfire hits Ijyb.
Ijyb is lightly wounded.
The foxfire hits Ijyb.
Ijyb is lightly wounded.
Casting: Foxfire (safe; 3% risk of failure)
Confirm with . or Enter, or press ? or * to list all spells.
You conjure some foxfire!
The foxfire hits Ijyb but does no damage.
Ijyb is lightly wounded.
The foxfire hits Ijyb but does no damage.
Ijyb is lightly wounded.
Ijyb hits you with a +8 club.
* * * LOW HITPOINT WARNING * * *
Casting: Foxfire (safe; 3% risk of failure)
Confirm with . or Enter, or press ? or * to list all spells.
You conjure some foxfire!
* * * LOW HITPOINT WARNING * * *
The foxfire hits Ijyb but does no damage.
Ijyb is lightly wounded.
The foxfire hits Ijyb but does no damage.
Ijyb is lightly wounded.
Ijyb hits you with a +8 club!
You die...

....8....###
##.†...###.#
##...##.#.# #+##
##..##.#.# #...##
#..##.#.# #(....#
#.......## ##.......
#####.>..####§.......
............vv...[...
#####....####@g......
#...## ##.......
#...# #.....# ##.##
#...## #.# #+## #[ #.


You could see Ijyb (ally target).

Vanquished Creatures
  A gnoll (D:1)
  2 adders (D:2)
  2 dart slugs
  5 ball pythons
  7 bats
  An endoplasm (D:2)
  3 giant cockroaches
  5 goblins
  3 hobgoblins (D:1)
  13 kobolds
  2 quokkas
  4 frilled lizards (D:1)
  4 rats (D:1)
52 creatures vanquished.

Vanquished Creatures (others)
  A bush (D:1)
  133 foxfires
  12 plants (D:1)
146 creatures vanquished.

Grand Total: 198 creatures vanquished

Notes
Turn   | Place    | Note
-------+----------+-------------------------------------------
     0 | D:1      | karrick the Djinni Fire Elementalist began the quest for
                  | the Orb.
     0 | D:1      | Reached XP level 1. HP: 15/15 MP: 0/0
   499 | D:1      | Reached skill level 3 in Spellcasting
   499 | D:1      | Reached XP level 2. HP: 19/21 MP: 0/0
   873 | D:1      | Reached XP level 3. HP: 21/25 MP: 0/0
   873 | D:1      | Learned a level 1 spell: Beastly Appendage
  1290 | D:1      | Found a faded altar of an unknown god.
  1923 | D:2      | Reached XP level 4. HP: 30/31 MP: 0/0
  2003 | D:2      | Reached skill level 4 in Spellcasting
  2470 | D:3      | Noticed Ijyb
  2477 | D:3      | Slain by Ijyb

Illustrated notes

Levels and vault maps discovered:
D:1:      lightli_arrival_windingriver, layout_loops_ring,
          ebering_ecumenical_altar_rust, lexackson_kobold_supper
D:2:      layout_basic
D:3:      layout_loops_corners, dancing_weapons_uskayaw, grunt_ministairs_12,
          uniq_ijyb

Skill      XL: |  1  2  3  4 |
---------------+-------------+-----
Spellcasting   | 3 4 |  4.1
Dodging        | |  2.7
Stealth        | |  1.9

Action                   |  1- 3 |  4- 6 || total
-------------------------+-------+-------++-------
Melee: Dagger            |       |     2 ||     2
 Cast: Foxfire           |    62 |    21 ||    83
Armor: Robe              |     4 |     2 ||     6
Dodge: Dodged            |    14 |     3 ||    17

Table legend: (Time is in decaauts)
 A = Elapsed time spent in this place.
 B = Non-inter-level travel time spent in this place.
 C = Inter-level travel time spent in this place.
 D = Time resting spent in this place.
 E = Time spent auto-exploring this place.
 F = Levels seen in this place.
 G = Mean time per level.
                   A        B        C        D        E       F      G
               +--------+--------+--------+--------+--------+-----+--------+
         Total |   2475 |   2360 |    115 |      0 |   2068 |   3 |  825.0 |
       Dungeon |   2475 |   2360 |    115 |      0 |   2068 |   3 |  825.0 |
               +--------+--------+--------+--------+--------+-----+--------+

Top non-repeatable levels by time:
     D:1: 1650 daAuts
     D:2: 765 daAuts
     D:3: 59 daAuts
